 Dungeon Crawl Stone Soup version 0.31-a0-232-gb1c03b2570 (webtiles) character file.

Game seed: 1539491044066315868

1365 Ijustatesigmund the Stinger (level 8, -9/48 HPs)
             Began as an Octopode Venom Mage on July 7, 2023.
             Mangled by Maggie
             ... wielding a +4 scimitar of flaming
              (10 damage)
             ... on level 6 of the Dungeon.
             The game lasted 00:10:34 (7003 turns).

Ijustatesigmund the Stinger (Octopode Venom Mage)   Turns: 7003, Time: 00:10:34

Health: -9/48      AC:  5    Str:  8    XL:     8   Next: 65%
Magic:  12/15      EV: 12    Int: 19    God:
Gold:   427        SH:  0    Dex:  7    Spells: 8/17 levels left

rFire   x x .        o - +7 war axe "Vogonu" {heavy, rPois Will++ rCorr Dex-5}
rCold   x x .        (no shield)
rNeg    . . .        (helmet restricted)
rPois   +            g - amulet of Elemental Vulnerability {rPois rF-- rC-- AC+8}
rElec   .            (no ring)
rCorr   +            (no ring)
SInv    .            (no ring)
Will    ++...        (no ring)
Stlth   +++          (no ring)
HPRegen 0.28/turn    (no ring)
MPRegen 0.14/turn    (no ring)
                     (no ring)

%: no passive effects
@: corroded
A: almost no armour, amphibious, 8 rings, camouflage 1, gelatinous body 1,
(nimble swimmer 1), tentacles
a: no special abilities


You were on level 6 of the Dungeon.
You visited 1 branch of the dungeon, and saw 7 of its levels.

You collected 427 gold pieces.

Inventory:

Hand Weapons
 b - a +0 heavy flail
 m - a +2 short sword of speed
 o - the +7 war axe "Vogonu" (weapon) {heavy, rPois Will++ rCorr Dex-5}
   (You found it on level 7 of the Dungeon)

   Dex:       It affects your dexterity (-5).
   rPois:     It protects you from poison.
   rCorr:     It protects you from acid and corrosion.
   Will:      It greatly increases your willpower.
Jewellery
 g - the amulet of Elemental Vulnerability (around mantle) {rPois rF-- rC-- AC+8}
   (You found it on level 3 of the Dungeon)

   [amulet of nothing]

   AC:        It affects your AC (+8).
   rF:        It makes you very vulnerable to fire.
   rC:        It makes you very vulnerable to cold.
   rPois:     It protects you from poison.
Wands
 q - a wand of acid (6)
Scrolls
 c - a scroll of blinking
 d - a scroll of identify
 h - a scroll of poison
 i - a scroll of immolation
 n - a scroll of teleportation
Potions
 a - a potion of magic
 f - 3 potions of lignification
 k - 2 potions of curing
 r - a potion of enlightenment


   Skills:
 + Level 1.5 Fighting
 - Level 2.0 Dodging
 - Level 2.6 Stealth
 + Level 5.1 Spellcasting
 + Level 4.7 Conjurations
 - Level 1.0 Transmutations
 + Level 4.6 Air Magic
 + Level 7.1 Poison Magic


You had 8 spell levels left.
You knew the following spells:

 Your Spells              Type           Power      Damage    Failure   Level
b - Poisonous Vapours     Pois/Air       54%        N/A       1%          2
c - Mephitic Cloud        Conj/Pois/Air  25%        N/A       3%          3
d - Olgreb's Toxic Radia  Pois           32%        N/A       6%          4

Your spell library contained the following spells:

 Spells                   Type           Power      Damage    Failure   Level
 Sting                    Tmut/Pois      80%        1d7       2%          1
 Summon Ice Beast         Ice/Summ       4%         N/A       77%         4
 Summon Mana Viper        Hex/Summ       4%         N/A       98%         5
 Monstrous Menagerie      Summ           2%         N/A       100%        7


Dungeon Overview and Level Annotations

Branches:
Dungeon (7/15)
 Temple: D:4-7

Altars:
Okawaru
Qazlal
The Shining One

Shops:
D:3 (

Annotations:
D:6 Maggie


Innate Abilities, Weirdness & Mutations

You cannot wear most types of armour.
You are amphibious.
You can wear up to eight rings at the same time.
Your skin changes colour to match your surroundings (Stealth+).
Your rubbery body absorbs attacks. (AC +1, EV +1)
((You are camouflaged when in or above water. (Stealth+)))
You have tentacles for arms and can constrict up to eight enemies at once.


Message History

You continue putting on the amulet of Elemental Vulnerability {rPois rF-- rC-- AC+8}. x5
You finish putting on the amulet of Elemental Vulnerability {rPois rF-- rC-- AC+8}.
g - the amulet of Elemental Vulnerability (around mantle) {rPois rF-- rC-- AC+8}
c - a scroll of blinking You now have 427 gold pieces (gained 9).
Things that are here:
a +0 orcbow; 6 stones; a centaur skeleton
Found a stone staircase leading up.
d - a scroll of identify Maggie and a jelly come into view.
Maggie is wielding a +4 scimitar of flaming.
Casting: Poisonous Vapours (safe; 1% risk of failure)
Confirm with . or Enter, or press ? or * to list all spells.
You begin to radiate toxic energy.
The jelly quivers.
Unknown command.
Casting: Olgreb's Toxic Radiance (dangerous; 6% risk of failure)
Confirm with . or Enter, or press ? or * to list all spells.
You can't see any susceptible monsters within range! (Use Z to cast anyway.)
Your toxic aura wanes.
Maggie mumbles some strange words.
Maggie attempts to bespell you! You resist with almost no effort.
You start resting.
A jelly is nearby!
The jelly hits you. The acid corrodes you!
You are splashed with acid.
You resist.
You slash the jelly!
Your tentacles burn!
You squeeze the jelly.
You kill the jelly!
Maggie hits you with a +4 scimitar of flaming!
Maggie burns you.
You slash Maggie! Your grab misses Maggie.
Maggie is lightly wounded.
Maggie hits you with a +4 scimitar of flaming!
Maggie burns you.
Maggie casts a spell.
Maggie attempts to bespell you! You resist with almost no effort.
Maggie hits you with a +4 scimitar of flaming!!
* * * LOW HITPOINT WARNING * * *
Maggie burns you!
You die...

##..##.##.....#
#.......#......#
##....#........<.
#.....#.........
#....##.........
##..............
#...#..........
##.............
#....@@.....!.
##...##.......
#..## .......
#.## ....... #.#
....... ..
....... ##
.......


You could see Maggie.

Vanquished Creatures
  A black bear (D:7)
  2 centaurs
  A phantom (D:7)
  A kobold brigand (D:7)
  A bullfrog (D:6)
  2 scorpions
  A jelly (D:6)
  2 orc priests (D:5)
  3 hounds
  3 iguanas
  A sleepcap (D:5)
  6 orc wizards
  17 adders
  5 gnolls
  5 white imps (D:5)
  2 ufetubi
  A worm (D:2)
  2 dart slugs
  20 orcs
  5 ball pythons
  6 bats
  5 endoplasms
  2 giant cockroaches (D:1)
  4 goblins
  12 hobgoblins
  4 jackals (D:2)
  6 quokkas
  3 frilled lizards
  14 kobolds
  6 rats
143 creatures vanquished.

Notes
Turn   | Place    | Note
-------+----------+-------------------------------------------
     0 | D:1      | Ijustatesigmund the Octopode Venom Mage began the quest for
                  | the Orb.
     0 | D:1      | Reached XP level 1. HP: 11/11 MP: 3/3
    84 | D:1      | Reached skill level 1 in Fighting
    84 | D:1      | Reached XP level 2. HP: 18/18 MP: 3/5
   135 | D:1      | Reached skill level 4 in Poison Magic
   138 | D:1      | Learned a level 2 spell: Poisonous Vapours
   206 | D:1      | Reached XP level 3. HP: 8/23 MP: 2/6
   275 | D:1      | Learned a level 3 spell: Mephitic Cloud
   953 | D:2      | Identified the +0 ring mail "Jigu" {rF+ rN+ Int+4}
   969 | D:2      | Reached skill level 1 in Air Magic
   969 | D:2      | Reached XP level 4. HP: 19/28 MP: 2/8
  1054 | D:2      | Found a faded altar of an unknown god.
  1116 | D:2      | Reached skill level 1 in Conjurations
  1642 | D:2      | Found a glowing golden altar of the Shining One.
  2098 | D:3      | Found the amulet of Elemental Vulnerability {rPois rF--
                  | rC-- AC+8}
  2109 | D:3      | Reached XP level 5. HP: 20/33 MP: 7/9
  2308 | D:3      | Found Feygy's Weapon Boutique.
  3211 | D:4      | Reached skill level 5 in Poison Magic
  3238 | D:4      | Reached XP level 6. HP: 38/38 MP: 5/11
  3243 | D:4      | Learned a level 4 spell: Olgreb's Toxic Radiance
  3372 | D:4      | You fall into a shaft and drop 3 floors!
  3423 | D:7      | Noticed a steam dragon
  3439 | D:7      | Identified the +7 war axe "Vogonu" {heavy, rPois Will++
                  | rCorr Dex-5}
  3480 | D:7      | Noticed a black bear
  3489 | D:7      | Killed a black bear
  3490 | D:7      | Reached XP level 7. HP: 28/43 MP: 6/12
  3896 | D:6      | Reached skill level 6 in Poison Magic
  4046 | D:5      | Entered Level 5 of the Dungeon
  4115 | D:4      | Found a stormy altar of Qazlal.
  4821 | D:4      | Reached XP level 8. HP: 47/48 MP: 14/14
  5167 | D:5      | Found an iron altar of Okawaru.
  6191 | D:5      | Reached skill level 7 in Poison Magic
  6274 | D:5      | Reached skill level 5 in Spellcasting
  6731 | D:6      | HP: 2/48 [centaur/arrow (14)]
  6993 | D:6      | Noticed Maggie
  7003 | D:6      | HP: 1/48 [Maggie/+4 scimitar of flaming (18)]
  7003 | D:6      | Mangled by Maggie

Illustrated notes

Levels and vault maps discovered:
D:1:      nzn_arrival_water_spiral, layout_basic, kennysheep_decorative_pillar
D:2:      layout_rooms, ebering_ecumenical_altar_webs, basic_altar
D:3:      minmay_evil_eye, layout_basic, serial_shops, shop,
          chequers_serial_rivers_room_a, chequers_serial_rivers_small_a,
          grunt_ministairs_6, dk_noncrumbling_2
D:4:      layout_cave_pods, kennysheep_mini_moat
D:5:      cheibrodos_iron_armory, layout_basic, kennysheep_little_box,
          minivault_23, corexii_checkpoint_a, minmay_misc_feat_ornament
D:6:      layout_cave_pools, kennysheep_vampire_church, minmay_misc_feat_x,
          hellmonk_bongcloud_opening, uniq_prince_ribbit1, uniq_maggie,
          uniq_pikel
D:7:      layout_rooms, nicolae_ru_the_path_less_chosen, temple_statues

Skill      XL: |  1  2  3  4  5  6  7  8 |
---------------+-------------------------+-----
Fighting       | 1 |  1.5
Poison Magic   | 4 5 6 7 |  7.1
Air Magic      | 1 2 3 4 |  4.6
Conjurations   | 1 2 3 4 |  4.7
Spellcasting   | 3 4 5 |  5.1
Dodging        | |  2.0
Stealth        | |  2.6
Transmutations | |  1.0

Action                     |  1- 3 |  4- 6 |  7- 9 || total
---------------------------+-------+-------+-------++-------
  Melee: Unarmed           |    11 |       |       ||    11
         Constrict         |    21 |    19 |    17 ||    57
         Tentacles         |     7 |    13 |    14 ||    34
         Flail             |    49 |    74 |       ||   123
         Short sword       |       |    17 |       ||    17
         Punch             |       |     1 |     1 ||     2
         War axe           |       |    16 |    80 ||    96
   Cast: Sting             |     3 |     4 |       ||     7
         Poisonous Vapours |    17 |    37 |    31 ||    85
         Mephitic Cloud    |       |       |     1 ||     1
         Olgreb's Toxic Ra |       |       |     4 ||     4
    Use: Scroll            |     2 |       |    11 ||    13
         Potion            |     1 |       |     1 ||     2
   Stab: Sleeping          |     2 |     3 |       ||     5
         Distracted        |       |       |     1 ||     1
 Armour: Skin              |     7 |    52 |    40 ||    99
  Dodge: Dodged            |    41 |   110 |    81 ||   232

Table legend: (Time is in decaauts)
 A = Elapsed time spent in this place.
 B = Non-inter-level travel time spent in this place.
 C = Inter-level travel time spent in this place.
 D = Time resting spent in this place.
 E = Time spent auto-exploring this place.
 F = Levels seen in this place.
 G = Mean time per level.
                   A        B        C        D        E       F      G
               +--------+--------+--------+--------+--------+-----+--------+
         Total |   7178 |   6977 |    201 |   1856 |   3942 |   7 | 1025.4 |
       Dungeon |   7178 |   6977 |    201 |   1856 |   3942 |   7 | 1025.4 |
               +--------+--------+--------+--------+--------+-----+--------+

Top non-repeatable levels by time:
     D:5: 1790 daAuts
     D:3: 1248 daAuts
     D:4: 1083 daAuts
     D:1: 1005 daAuts
     D:2: 972 daAuts
     D:6: 755 daAuts
     D:7: 323 daAuts
